 Dungeon Crawl Stone Soup version 0.31.0-32-g396128a36d (webtiles) character file.

Game seed: 179917147771572704

248 middlethird the Magician (level 6, -4/30 HPs)
             Began as a Vine Stalker Ice Elementalist on Apr 18, 2024.
             Slain by a +1 glaive of flaming (9 damage)
             ... created by the rancor of the Wu Jian Council
             ... in a sewer.
             The game lasted 00:06:06 (677 turns).

middlethird the Magician (VSIE)                      Turns: 677, Time: 00:06:07

Health: -4/30      AC:  2    Str: 10    XL:     6   Next: 12%
Magic:  0/15       EV: 12    Int: 17    God:
Gold:   79         SH:  0    Dex: 15    Spells: 8/15 levels left

rFire   x . .        f - +2 whip (drain)
rCold   + . .        (no shield)
rNeg    . . .        a - +0 robe
rPois   .            (no helmet)
rElec   .            (no cloak)
rCorr   .            (no gloves)
SInv    .            (no boots)
Will    .....        (no amulet)
Stlth   +            h - ring of ice
HPRegen 1.05/turn    (no ring)
MPRegen 0.14/turn

%: guardian spirit
@: slowed, very slow
A: fangs 2, regeneration 1, magic shield, antimagic bite, no potion heal 2
a: no special abilities


You were in a sewer.
You visited 1 branch of the dungeon, and saw 4 of its levels.
You also visited: Sewer.

You collected 79 gold pieces.

Inventory:

Hand Weapons
 f - a +2 whip of draining (weapon)
 n - a +0 dagger of venom
Missiles
 e - 3 boomerangs
Armour
 a - a +0 robe (worn)
Jewellery
 h - a ring of ice (left hand)
Wands
 l - a wand of polymorph (3)
Scrolls
 d - a scroll of fog {unknown}
 g - a scroll of butterflies {unknown}
 m - a scroll of enchant armour {unknown}
Potions
 b - a potion of magic
 c - a potion of heal wounds {unknown}
 i - a potion of lignification {unknown}
 j - a potion of curing {unknown}
 k - a potion of enlightenment {unknown}


   Skills:
 - Level 2.0 Fighting
 - Level 2.0 Dodging
 - Level 3.0 Stealth
 + Level 5.4 Spellcasting
 - Level 4.0 Ice Magic


You had 8 spell levels left.
You knew the following spells:

 Your Spells              Type           Power      Damage    Failure   Level
f - Freeze                Ice            100%       1d10      2%          1
g - Frozen Ramparts       Ice            54%        1d9       8%          3
h - Ozocubu's Armour      Ice            27%        N/A       8%          3

Your spell library contained the following spells:

 Spells                   Type           Power      Damage    Failure   Level
 Hailstorm                Conj/Ice       17%        3d6       19%         3
 Summon Ice Beast         Ice/Summ       17%        N/A       19%         3


Dungeon Overview and Level Annotations

Branches:
Dungeon (4/15)              Sewer (1/1)
 Temple: D:4-7

Altars:
Fedhas
Wu Jian


Innate Abilities, Weirdness & Mutations

You have extremely sharp teeth.
Your natural rate of healing is unusually fast.
When hurt, damage is shared between your health and your magic reserves.
Your bite disrupts and absorbs the magic of your enemies.
Potions cannot restore your health.


Message History

Press: ? - help, Q - select action, (/) - cycle Shift-Dir - straight line, f - +1 glaive of flaming
Aim: a +1 glaive of flaming (silenced, durably summoned, infinite will)
Okay, then.
Your unstable footing causes you to fumble your attack.
The ball python bites you. The ball python constricts you.
The ball python barely misses you. The ball python constricts you.
The +1 glaive of flaming hits you! The +1 glaive of flaming burns you.
Unknown command.
Unknown command.
Unknown command.
You hit the ball python.
You kill the ball python!
Unknown command.
Unknown command.
Your unstable footing causes you to fumble your attack.
The rat barely misses you. The +1 glaive of flaming hits you.
The +1 glaive of flaming burns you. The rat barely misses you.
Unknown command.
Unknown command.
Unknown command.
Your unstable footing causes you to fumble your attack.
The rat closely misses you. The +1 glaive of flaming hits you!
* * * LOW HITPOINT WARNING * * *
The +1 glaive of flaming burns you.
* * * LOW HITPOINT WARNING * * *
The rat splashes around in the water.
The +1 glaive of flaming completely misses you.
Unknown command.
Unknown command.
Your unstable footing causes you to fumble your attack.
Your hearing returns.
The rat misses you.
The +1 glaive of flaming closely misses you.
Unknown command.
Unknown command.
Your unstable footing causes you to fumble your attack.
The rat bites you.
* * * LOW HITPOINT WARNING * * *
The rat bites you but does no damage. The +1 glaive of flaming hits you!
You die...

#.###~# #)~~~~# ##.~.##
#~~.# #~..# #.~~## #####
#.~..## #.~~~(#####
#....~##
#(r@((########~~~.~.
#.~~~.###...~...####.~~~
##### #.~~~~~~.# ##.~.
#~~~.~.~~####~~.
~~.~~####~...##~~~~
~~##### ##..~.~~.~~
##~~~...~~ #~~....~.
#~~~.~~~.


You could see 4 dancing weapons and a rat.

Vanquished Creatures
  An orc priest (D:4)
  An iguana (D:4)
  Jessica (D:2)
  Natasha (twice) (D:4)
  An orc wizard (D:3)
  4 gnolls (D:3)
  A river rat (Sewer)
  A dart slug (D:3)
  2 ribbon worms
  5 orcs
  4 endoplasms
  2 hobgoblins (D:3)
  4 quokkas
  3 ball pythons
  A bat (D:4)
  A goblin (D:4)
  4 kobolds
  2 rats
40 creatures vanquished.

Notes
Turn   | Place    | Note
-------+----------+-------------------------------------------
     0 | D:1      | middlethird the Vine Stalker Ice Elementalist began the
                  | quest for the Orb.
     0 | D:1      | Reached XP level 1. HP: 9/9 MP: 4/4
    55 | D:2      | Noticed Jessica
    82 | D:2      | Found a faded altar of an unknown god.
    90 | D:2      | Killed Jessica
    91 | D:2      | Reached skill level 3 in Spellcasting
    91 | D:2      | Reached XP level 2. HP: 10/13 MP: 2/7
    91 | D:2      | Reached XP level 3. HP: 12/16 MP: 2/8
    95 | D:2      | Learned a level 3 spell: Frozen Ramparts
    99 | D:2      | Learned a level 3 spell: Ozocubu's Armour
   116 | D:2      | Prayed at the altar of an unknown god.
   116 | D:2      | Became a worshipper of the Wu Jian Council
   116 | D:2      | Reached * piety under Wu Jian
   117 | D:2      | Fell from the grace of Wu Jian
   165 | D:3      | Reached XP level 4. HP: 13/21 MP: 0/10
   166 | D:3      | Reached skill level 4 in Spellcasting
   167 | D:3      | Reached skill level 1 in Fighting
   305 | D:4      | Found a blossoming altar of Fedhas.
   328 | D:4      | Noticed Natasha
   333 | D:4      | Reached XP level 5. HP: 26/26 MP: 5/12
   334 | D:4      | Killed Natasha
   344 | D:4      | Noticed Natasha
   361 | D:4      | Killed Natasha
   513 | D:4      | Reached skill level 5 in Spellcasting
   513 | D:4      | Reached XP level 6. HP: 30/30 MP: 7/14
   527 | D:4      | Found a glowing drain.
   535 | Sewer    | Entered a sewer
   671 | Sewer    | Noticed a +4 heavy rapier
   671 | Sewer    | Noticed a +1 glaive of flaming
   671 | Sewer    | Noticed a +0 rapier of freezing
   671 | Sewer    | Noticed a +0 dire flail of freezing
   677 | Sewer    | Slain by a +1 glaive of flaming

Illustrated notes

Levels and vault maps discovered:
D:1:      minmay_arrival_shoal_huts, layout_rooms, columned_hall_lemuel
D:2:      layout_basic, shapermc_ecumenical_altar_acropolis, uniq_jessica
D:3:      layout_rooms, mainiacjoe_overflow_catwalk, uniq_sigmund, uniq_ijyb
D:4:      dreamdust_elfheim, layout_layer_cave, fedhas_altar_3,
          cheibrodos_sewer_entry_sluice, nicolae_concentric_dashed_squares_mild,
          uniq_natasha
Sewer:    sewer_co_tree

Skill      XL: |  1  2  3  4  5 |
---------------+----------------+-----
Dodging        | 2 |  2.0
Stealth        | 3 |  3.0
Spellcasting   | 3 4 5 |  5.4
Fighting       | 2 |  2.0
Ice Magic      | |  4.0

Action                     |  1- 3 |  4- 6 || total
---------------------------+-------+-------++-------
  Melee: Unarmed           |    19 |     2 ||    21
         Bite              |     7 |    10 ||    17
         Whip              |       |    52 ||    52
         Punch             |       |     1 ||     1
   Cast: Freeze            |     9 |     2 ||    11
         Frozen Ramparts   |     2 |     3 ||     5
         Ozocubu's Armour  |     1 |     3 ||     4
 Invoke: Renounce Religion |     1 |       ||     1
   Stab: Sleeping          |       |     3 ||     3
 Armour: Robe              |    26 |    35 ||    61
  Dodge: Dodged            |    19 |    36 ||    55
